 Dungeon Crawl Stone Soup version 0.17-a0-227-gf5308cc (webtiles) character file.

145 Pikaro the Sneak (level 5, -3/34 HPs)
             Began as an Octopode Assassin on Mar 29, 2015.
             Slain by an orc wizard
             ... wielding a cursed -2 dagger
              (4 damage)
             ... on level 3 of the Dungeon.
             The game lasted 00:05:16 (2734 turns).

Pikaro the Sneak (Octopode Assassin)                Turns: 2734, Time: 00:05:16

Health: -3/34      AC:  1    Str: 10    XL:     5   Next: 27%
Magic:  5/5        EV: 12    Int: 14    God:
Gold:   103        SH:  0    Dex: 14    Spells: 0 memorised, 4 levels left

rFire  . . .     SeeInvis .     a - +2 dagger
rCold  . . .     Clarity  .     (no shield)
rNeg   . . .     SustAb   .     (helmet restricted)
rPois  .         Gourm    .     (no amulet)
rElec  .         Spirit   .     (no ring)
rCorr  .         Warding  .     (no ring)
rMut   .         Stasis   .     (no ring)
MR     .....                    (no ring)
Stlth  ++++......               (no ring)
                                (no ring)
                                (no ring)
                                (no ring)

@: not resistant to hostile enchantments, stealthy
A: almost no armour, amphibious, 8 rings, constrict 8, camouflage 1, gelatinous
body 1
a: no special abilities


You were on level 3 of the Dungeon.
You were hungry.

You visited 1 branch of the dungeon, and saw 3 of its levels.

You collected 103 gold pieces.

Inventory:

Hand weapons
 a - a +2 dagger (weapon)
 b - a +0 blowgun
Missiles
 e - 6 poisoned needles
 f - 2 curare-tipped needles
Armour
 l - a +0 buckler
   (You found it on level 2 of the Dungeon)
Magical devices
 k - a wand of enslavement (9)
   (You took it off Jessica on level 2 of the Dungeon)
Scrolls
 h - a scroll of fear {unknown}
 i - 4 scrolls of identify {unknown}
 j - a scroll of magic mapping {unknown}
Potions
 c - a potion of curing
 d - a potion of brilliance {unknown}
 n - a potion of might {unknown}
 o - a potion of restore abilities {unknown}
Comestibles
 g - 2 bread rations
 m - a chunk of flesh


   Skills:
 - Level 2.0 Fighting
 + Level 5.3 Short Blades
 - Level 2.0 Throwing
 - Level 1.0 Dodging
 - Level 5.3 Stealth


You had 4 spell levels left.
You didn't know any spells.

Dungeon Overview and Level Annotations

Branches:
Dungeon (3/15)

Altars:


Innate Abilities, Weirdness & Mutations

You cannot wear most types of armour.
You are amphibious.
You can wear up to eight rings at the same time.
You can use your tentacles to constrict many enemies at once.
Your skin changes colour to match your surroundings (Stealth).
Your rubbery body absorbs attacks (AC +1).


Message History

The orc hits you but does no damage.
You hit the orc but do no damage. Your grab misses the orc.
The orc hits you but does no damage. The orc hits you.
You take 2 damage, and have 32/34 hp.
You barely miss the orc. Your grab misses the orc. The orc barely misses you.
The orc hits you.
You take 3 damage, and have 29/34 hp.
You barely miss the orc. You grab the orc. Your squeeze misses the orc.
You constrict the orc. The orc hits you with a whip. The orc misses you.
You take 1 damage, and have 28/34 hp.
You hit the orc. Your grab misses the orc. Your squeeze misses the orc.
You constrict the orc, but do no damage.
You hit the orc.
You kill the orc!
You constrict the orc, but do no damage.
The orc misses you.
You hit the orc.
You kill the orc! a whip; a leather armour; an orc corpse
i - 4 scrolls labeled PAWUSCHODUJ (gained 1)
o - a dark potion You start resting.
Health restored: 34; Total turns waited: 44 An orc wizard comes into view.
It is wielding a dagger.
The orc wizard shouts!
An orc comes into view. It is wielding a club.
An orc comes into view.
The orc wizard casts a spell.
The orc wizard blinks!
The orc shouts!
The orc shouts!
The orc hits you with a club.
You take 2 damage, and have 32/34 hp.
You barely miss the orc wizard. Your grab misses the orc wizard.
The orc closely misses you.
You hit the orc wizard but do no damage.
Your grab misses the orc wizard. The orc wizard hits you with a dagger.
The orc hits you.
You take 2 damage, and have 30/34 hp.
You closely miss the orc wizard. You grab the orc wizard.
You constrict the orc wizard, but do no damage.
The orc wizard mumbles some strange words.
The orc wizard struggles to blink free from constriction.
The orc hits you with a club.
You take 3 damage, and have 27/34 hp.
You hit the orc wizard but do no damage.
You constrict the orc wizard. The orc hits you. The orc wizard misses you.
You take 3 damage, and have 24/34 hp.
You hit the orc wizard.
You squeeze the orc wizard, but do no damage.
You constrict the orc wizard, but do no damage.
You are feeling hungry.
The orc misses you. The orc barely misses you.
You hit the orc wizard. You constrict the orc wizard.
The orc wizard barely misses you. The orc closely misses you.
You hit the orc wizard. You constrict the orc wizard. The orc hits you.
The orc wizard casts a spell.
The orc wizard seems to speed up.
You hit the orc wizard but do no damage.
You constrict the orc wizard. The orc hits you with a club. The orc hits you.
The orc wizard points at you and mumbles some strange words.
The magic dart hits you!
* * * LOW HITPOINT WARNING * * *
You hit the orc wizard. You constrict the orc wizard.
The orc wizard casts a spell.
The orc wizard blinks free!
The orc barely misses you. The orc completely misses you.
You take 16 damage, and have 8/34 hp.
MASSIVE DAMAGE!!
HP below 25%!
The orc wizard casts a spell at you. The magic dart hits you!
* * * LOW HITPOINT WARNING * * *
The orc hits you.
* * * LOW HITPOINT WARNING * * *
You take 4 damage, and have 4/34 hp.
Drink which item? (? for menu, Esc to quit)
It was a potion of curing.
You feel better.
You regained 6 hp, and now have 10/34 hp.
You barely miss the orc. You grab the orc. You constrict the orc.
You barely miss the orc.
You constrict the orc, but do no damage.
The orc barely misses you.
You hit the orc.
You kill the orc!
The orc wizard points at you and mumbles some strange words.
The magic dart hits you!
* * * LOW HITPOINT WARNING * * *
You take 4 damage, and have 6/34 hp.
HP below 25%!
The orc wizard hits you with a dagger.
* * * LOW HITPOINT WARNING * * *
The orc wizard closely misses you. a club; an orc corpse You take 5 damage, and have 1/34 hp.
You completely miss the orc wizard. You grab the orc wizard.
You constrict the orc wizard, but do no damage.
The orc wizard closely misses you.
You hit the orc wizard but do no damage.
You constrict the orc wizard. The orc wizard hits you with a dagger.
You die...

. # ... # ..# # ..# # #.#
# #.# ## #.# ###.
#...########.##########...
#./....@oo..............
##########.##########.##
#.# #..# #.# #.## #.# #.#
#.# ##.# ########## #o#
#..# #........# #.#
###.#### #........# #.#
###...#...


You could see an orc wizard and an orc.

Vanquished Creatures
  An orc priest (D:3)
  Jessica (D:2)
  An adder (D:2)
  3 worms
  7 orcs (D:3)
  4 giant cockroaches
  7 goblins
  5 hobgoblins
  13 kobolds
  A quokka (D:3)
  A ball python (D:3)
  10 bats
  A giant newt (D:2)
  5 rats
60 creatures vanquished.

Notes
Turn   | Place    | Note
--------------------------------------------------------------
     0 | D:1      | Pikaro, the Octopode Assassin, began the quest for the Orb.
     0 | D:1      | Reached XP level 1. HP: 14/14 MP: 1/1
   423 | D:1      | Reached XP level 2. HP: 19/19 MP: 2/2
   777 | D:1      | Reached skill level 3 in Short Blades
  1293 | D:2      | Reached XP level 3. HP: 24/24 MP: 3/3
  1822 | D:2      | Noticed Jessica
  1827 | D:2      | Killed Jessica
  1827 | D:2      | Reached skill level 4 in Short Blades
  1827 | D:2      | Reached XP level 4. HP: 21/29 MP: 4/4
  2113 | D:2      | Noticed a centaur
  2226 | D:3      | Reached skill level 5 in Short Blades
  2226 | D:3      | Reached XP level 5. HP: 34/34 MP: 5/5
  2722 | D:3      | HP: 8/34 [orc wizard/magic dart (6)]
  2731 | D:3      | HP: 6/34 [orc wizard/magic dart (4)]
  2732 | D:3      | HP: 1/34 [orc wizard/dagger (5)]
  2734 | D:3      | Slain by an orc wizard

Action                   |  1- 3 |  4- 6 || total
-------------------------+-------+-------++-------
Melee: Dagger            |    54 |    63 ||   117
 Fire: Blowgun           |     3 |     6 ||     9
  Use: Potion            |       |     1 ||     1
 Stab: Sleeping          |    15 |     3 ||    18
  Eat: Chunk             |     3 |     2 ||     5

Vault maps used:
D:1:      lightli_molten_gateway, lemuel_flame_loot_1
D:2:      lightli_corner_chamber, uniq_jessica
D:3:      first_bread

Table legend:
 A = Turns spent in this place as a percentage of turns spent in the entire game.
 B = Non-inter-level travel turns spent in this place as a percentage of non-inter-level travel turns spent in the entire game.
 C = Inter-level travel turns spent in this place as a percentage of turns spent in this place.
 D = Turns resting spent in this place as a percentage of non-inter-level travel turns spent in this place.
 E = Turns spent auto-exploring this place as a percentage of non-inter-level travel turns spent in this place.
 F = Non-inter-level travel turns spent in this place divided by the number of levels of this place that you've seen.
                   A       B       C       D       E      F
               +-------+-------+-------+-------+-------+----------------------
         Total | 100.0 | 100.0 |   0.3 |   6.4 |   6.6 | 201.7
       Dungeon | 100.0 | 100.0 |   0.3 |   6.4 |   6.6 | 201.7
               +-------+-------+-------+-------+-------+----------------------

Table legend:
 A = Kills in this place as a percentage of kills in entire the game.
 B = Kills by you in this place as a percentage of kills by you in the entire game.
 C = Kills by friends in this place as a percentage of kills by friends in the entire game.
 D = Other kills in this place as a percentage of other kills in the entire game.
 E = Experience gained in this place as a percentage of experience gained in the entire game.
 F = Experience gained in this place divided by the number of levels of this place that you have seen.
                   A       B       C       D       E      F
               +-------+-------+-------+-------+-------+----------------------
         Total | 100.0 | 100.0 |  -nan |  -nan | 100.0 |  69.3
       Dungeon | 100.0 | 100.0 |  -nan |  -nan | 100.0 |  69.3
               +-------+-------+-------+-------+-------+----------------------
